AoeStats
← waLLefps.

Arena

506728994Analyzed
4v4 RM · 17d ago on Sep 14, 2026· 60m 58s· 8 players
Game mode
Random Map
Map size
Large (8 player)
Population
200
Speed
Normal
Resources
Standard
Victory
Conquest
Starting age
Dark Age
Ending age
Imperial Age
RankedLock teamsTeams togetherTeam positionsShared explorationLock speedFull tech treeHidden civsTurbo modeCheats
Victory
Defeat
🇫🇷 Vikings · France
1479
+13
🇨🇳 Cumans · China
1461
+14
🇪🇸 Poles · Spain
1423
+15
🇨🇳 Hindustanis · China
1414
+15
🇹🇷 Dravidians · Türkiye
1440
-17
🇹🇷 Spanish · Türkiye
1412
-14
🇹🇷 Cumans · Türkiye
1386
-13
🇹🇷 Slavs · Türkiye
1385
-13
klostrofobikköstebek
10:12 Feudal Age
14:27 Castle Age
12:47 Double-Bit Axe
12:43 Horse Collar
16:26 Wheelbarrow
16:29 Heavy Plow
20:21 Hand Cart
19:54 Loom
21:47 Coinage
26:37 Imperial Age
24:42 Bow Saw
24:23 Gold Mining
25:05 Stone Mining
25:42 Padded Archer Armor
25:33 Fletching
26:09 Ballistics
27:04 Leather Archer Armor
27:03 Thumb Ring
28:20 Two-Man Saw
28:47 Elite Elephant Archer
29:25 Bodkin Arrow
30:42 Coinage
30:45 Ring Archer Armor
31:23 Chemistry
31:26 Husbandry
32:08 Bracer
32:34 Scale Barding Armor
32:41 Forging
33:28 Medical Corps
33:33 Pikeman
34:13 Squires
33:59 Arson
35:02 Scale Mail Armor
35:38 Iron Casting
36:09 Chain Mail Armor
35:17 Halberdier
38:03 Blast Furnace
39:45 Plate Mail Armor
43:31 Chain Barding Armor
43:09 Light Cavalry
53:59 Fortified Wall
İhtiyar
10:21 Feudal Age
15:57 Castle Age
13:59 Horse Collar
16:03 Stone Mining
17:19 Wheelbarrow
23:40 Double-Bit Axe
23:46 Gold Mining
23:47 Stone Mining
24:01 Heavy Plow
25:27 Bow Saw
26:59 Detinets
27:03 Loom
27:38 Forging
27:44 Bloodlines
27:44 Fletching
30:12 Scale Barding Armor
30:43 Iron Casting
30:07 Bodkin Arrow
30:47 Iron Casting
30:21 Scale Barding Armor
30:37 Husbandry
31:17 Pikeman
31:58 Squires
31:59 Scale Mail Armor
33:06 Gold Shaft Mining
33:55 Chain Mail Armor
34:01 Chain Barding Armor
37:26 Imperial Age
37:29 Halberdier
38:45 Plate Mail Armor
39:15 Blast Furnace
37:38 Elite Boyar
38:45 Conscription
38:33 Druzhina
39:16 Murder Holes
42:40 Elite Boyar
waLLefps.
4:56 Loom
12:51 Feudal Age
16:39 Castle Age
14:30 Double-Bit Axe
14:27 Horse Collar
17:39 Bow Saw
17:45 Heavy Plow
21:12 Gold Mining
22:33 Wheelbarrow
27:46 Imperial Age
25:42 Padded Archer Armor
26:24 Bloodlines
26:15 Husbandry
27:27 Leather Archer Armor
28:20 Masonry
29:36 Hand Cart
29:50 Conscription
30:30 Town Watch
31:46 Ring Archer Armor
31:34 Elite Conquistador
33:56 Chemistry
33:08 Fortified Wall
33:26 Stone Mining
35:42 Scale Barding Armor
35:28 Fletching
35:49 Forging
35:21 Light Cavalry
36:57 Chain Barding Armor
36:53 Hussar
38:10 Iron Casting
40:28 Plate Barding Armor
47:48 Blast Furnace
57:25 Fletching
58:36 Murder Holes
59:12 Architecture
Tameryig1t
6:03 Loom
8:52 Feudal Age
10:59 Wheelbarrow
10:42 Double-Bit Axe
18:26 Horse Collar
20:56 Castle Age
19:14 Scale Barding Armor
19:20 Forging
19:56 Forging
22:34 Bow Saw
27:45 Heavy Plow
28:21 Hand Cart
31:51 Imperial Age
29:56 Bloodlines
30:20 Gold Mining
30:20 Stone Mining
31:02 Light Cavalry
32:21 Thumb Ring
32:29 Steppe Husbandry
32:57 Chain Barding Armor
33:12 Iron Casting
32:21 Heavy Cavalry Archer
33:26 Parthian Tactics
32:56 Fletching
33:07 Padded Archer Armor
33:31 Ballistics
34:11 Chemistry
33:35 Conscription
33:59 Bodkin Arrow
36:09 Parthian Tactics
39:50 Chemistry
59:29 Leather Archer Armor
Corpse Highlighter
10:42 Feudal Age
12:19 Loom
12:23 Horse Collar
15:42 Castle Age
14:04 Double-Bit Axe
14:29 Stone Mining
15:03 Bloodlines
16:38 Town Watch
17:11 Loom
17:45 Bow Saw
17:39 Husbandry
18:56 Scale Barding Armor
21:51 Wheelbarrow
25:27 Forging
25:54 Gold Mining
26:06 Heavy Plow
31:30 Imperial Age
29:35 Hand Cart
29:29 Fletching
32:03 Szlachta Privileges
32:51 Conscription
33:11 Hoardings
32:33 Cavalier
33:55 Capped Ram
35:40 Chemistry
34:46 Siege Engineers
36:49 Chain Barding Armor
37:43 Iron Casting
37:32 Scale Mail Armor
37:54 Light Cavalry
39:34 Bodkin Arrow
40:40 Blast Furnace
39:56 Chain Mail Armor
40:03 Ballistics
39:35 Light Cavalry
41:29 Winged Hussar
45:39 Plate Mail Armor
45:53 Lechitic Legacy
45:50 Siege Ram
46:32 Padded Archer Armor
46:33 Bracer
46:44 Masonry
47:27 Elite Obuch
52:37 Leather Archer Armor
52:09 Arrowslits
53:16 Caravan
54:42 Murder Holes
55:16 Squires
54:36 Pikeman
59:24 Coinage
60:13 Arson
59:48 Man-at-Arms
61:23 Banking
Wizo
10:35 Feudal Age
14:50 Castle Age
14:31 Double-Bit Axe
14:26 Horse Collar
16:45 Bow Saw
17:56 Loom
17:58 Town Watch
20:20 Fervor
22:02 Heavy Plow
21:53 Gold Mining
26:34 Imperial Age
25:56 Gold Shaft Mining
25:12 Stone Mining
25:15 Fletching
25:26 Padded Archer Armor
26:07 Bodkin Arrow
26:37 Ballistics
27:06 Leather Archer Armor
27:20 Bracer
28:23 Chemistry
28:43 Ring Archer Armor
27:40 Crossbowman
29:10 Bogsveigar
29:25 Arbalester
31:04 Conscription
30:37 Treadmill Crane
32:39 Elite Skirmisher
35:09 Hoardings
34:41 Capped Ram
36:59 Crop Rotation
37:30 Two-Man Saw
37:06 Siege Ram
48:53 Masonry
51:21 Scale Mail Armor
51:31 Forging
51:38 Caravan
52:51 Chieftains
53:08 Chain Mail Armor
54:32 Plate Mail Armor
54:38 Iron Casting
54:07 Squires
53:43 Pikeman
58:21 Blast Furnace
58:51 Gambesons
58:52 Arson
Les Choristes
9:16 Feudal Age
9:49 Horse Collar
9:55 Double-Bit Axe
15:56 Wheelbarrow
20:33 Castle Age
19:06 Scale Barding Armor
19:36 Forging
19:38 Bloodlines
19:23 Gold Mining
22:11 Bow Saw
22:03 Heavy Plow
22:42 Gold Shaft Mining
23:47 Chain Barding Armor
24:03 Iron Casting
24:38 Hand Cart
31:48 Imperial Age
29:03 Loom
29:15 Stone Mining
33:10 Plate Barding Armor
33:36 Blast Furnace
31:57 Cavalier
33:57 Two-Man Saw
34:14 Conscription
34:41 Paladin
38:16 Light Cavalry
39:05 Fletching
39:16 Padded Archer Armor
39:16 Hussar
40:47 Guilds
41:36 Hussar
42:28 Bodkin Arrow
43:36 Hoardings
44:51 Masonry
45:04 Ballistics
45:06 Scale Mail Armor
45:54 Pikeman
46:34 Squires
47:15 Chain Mail Armor
46:29 Halberdier
48:35 Town Watch
50:09 Plate Mail Armor
60:03 Caravan
2468899547
10:51 Feudal Age
12:30 Double-Bit Axe
14:56 Castle Age
12:51 Horse Collar
15:56 Bow Saw
15:48 Heavy Plow
22:03 Wheelbarrow
22:34 Stone Mining
23:12 Gold Mining
23:40 Hand Cart
23:10 Loom
24:36 Gold Shaft Mining
29:48 Imperial Age
27:22 Grand Trunk Road
28:28 Stone Shaft Mining
28:14 Husbandry
28:24 Bloodlines
28:56 Scale Barding Armor
29:01 Forging
30:06 Chain Barding Armor
30:09 Town Watch
29:52 Heavy Camel Rider
31:35 Two-Man Saw
31:22 Iron Casting
32:59 Chemistry
32:20 Ballistics
33:11 Plate Barding Armor
32:27 Imperial Camel Rider
36:43 Light Cavalry
37:53 Elite Skirmisher
38:39 Thumb Ring
38:45 Padded Archer Armor
38:36 Fletching
39:46 Blast Furnace
41:21 Conscription
41:03 Shatagni
41:13 Hussar
43:56 Leather Archer Armor
43:37 Bodkin Arrow
54:44 Bracer
55:14 Ring Archer Armor
Connection lost

Rejoining the realm…

Still unreachable

The connection could not be restored.

Session expired

The server has moved on; the page needs a fresh start.